 Dungeon Crawl Stone Soup version 0.30-a0-1085-g990a428a5c (webtiles) character file.

Game seed: 16580379638398309482

1576 KristoblXynda the Covert (level 8, -2/39 HPs)
             Began as a Spriggan Enchanter on Apr 16, 2023.
             Killed by divine providence
             ... invoked by an orc priest
              (13 damage)
             ... on level 6 of the Dungeon.
             The game lasted 00:07:47 (5963 turns).

KristoblXynda the Covert (Spriggan Enchanter)       Turns: 5963, Time: 00:07:48

Health: -2/39      AC:  4    Str:  6    XL:     8   Next: 60%
Magic:  1/13       EV: 21    Int: 17    God:
Gold:   242        SH:  5    Dex: 15    Spells: 8/13 levels left

rFire   + . .      SeeInvis +    a - +1 dagger (elec)
rCold   + . .      Faith    .    (no shield)
rNeg    . . .      Spirit   .    v - +2 robe {rC+ rF+}
rPois   .          Reflect  +    (helmet restricted)
rElec   .          Rampage  .    (no cloak)
rCorr   .                        (gloves unavailable)
Will    +....                    (boots unavailable)
Stlth   ++++                     k - amulet of reflection
HPRegen 0.26/turn                r - ring of flight
MPRegen 0.13/turn                (no ring)

@: flying, very quick
A: very small, no large weapons, unfitting armour, see invisible, speed 3
a: no special abilities


You were on level 6 of the Dungeon.
You visited 1 branch of the dungeon, and saw 6 of its levels.

You collected 242 gold pieces.

Inventory:

Hand Weapons
 a - a +1 dagger of electrocution (weapon)
Missiles
 z - a throwing net (quivered)
Armour
 v - a +2 robe of resistance (worn)
Jewellery
 k - an amulet of reflection (around neck)
 r - a ring of flight (left hand)
 w - a +4 ring of protection
 y - an amulet of regeneration
Wands
 m - a wand of charming (12)
 u - a wand of roots (8)
Scrolls
 b - a scroll of teleportation
 d - a scroll of brand weapon
 g - a scroll of silence {unknown}
 h - a scroll of vulnerability {unknown}
 i - a scroll of torment {unknown}
 l - a scroll of blinking
 o - a scroll of enchant armour
 p - 3 scrolls of amnesia
 s - a scroll of noise {unknown}
 t - a scroll of immolation
 x - a scroll of magic mapping {unknown}
Potions
 c - 2 potions of invisibility
 e - a potion of heal wounds {unknown}
 f - 2 potions of brilliance {unknown}
 j - a potion of magic {unknown}
 n - a potion of mutation
 q - a potion of curing


   Skills:
 + Level 2.0 Fighting
 - Level 5.0 Short Blades
 + Level 7.5 Dodging
 + Level 9.5 Stealth
 - Level 3.1 Spellcasting
 + Level 7.3 Hexes


You had 8 spell levels left.
You knew the following spells:

 Your Spells              Type           Power      Damage    Failure   Level
a - Ensorcelled Hibernat  Hex/Ice        30%        N/A       6%          2
b - Tukima's Dance        Hex            27%        N/A       2%          3

Your spell library contained the following spells:

 Spells                   Type           Power      Damage    Failure   Level
 Confusing Touch          Hex            27%        N/A       2%          3
 Dazzling Flash           Conj/Hex       30%        N/A       12%         3


Dungeon Overview and Level Annotations

Branches:
Dungeon (6/15)
 Temple: D:4-7

Altars:
Gozag
Makhleb
Ru
Wu Jian


Innate Abilities, Weirdness & Mutations

You are very small and have problems with some larger weapons.
You are too small for most types of armour.
You have supernaturally acute eyesight. (SInv)
You cover ground extremely quickly. (Speed+++)


Message History

Press: ? - help, Shift-Dir - straight line, f - scorpion
Aim: a scorpion (chance to affect: 49%)
The scorpion looks drowsy...
The helpless scorpion fails to defend itself.
You spit the scorpion like a pig!!! Lightning courses through the scorpion!
You kill the scorpion!
Your Fighting skill increases to level 2!
You hit the orc wizard but do no damage.
The orc wizard hits you with a +0 dagger.
You hit the orc wizard but do no damage.
You hit the orc wizard but do no damage.
You block the orc wizard's attack.
The orc priest mumbles some strange prayers to Beogh against you.
Beogh smites you!
* * * LOW HITPOINT WARNING * * *
You closely miss the orc wizard.
The orc wizard hits you but does no damage.
You hit the orc wizard.
The orc wizard is lightly wounded.
Casting: Ensorcelled Hibernation (safe; 6% risk of failure)
Confirm with . or Enter, or press ? or * to list all spells.
Aiming: Ensorcelled Hibernation (safe; 6% risk of failure)
Press: ? - help, Shift-Dir - straight line, f - orc wizard
Aim: an orc wizard, wielding a +0 dagger and wearing a +0 robe (lightly wounded, slightly transparent, chance to affect: 49%)
The orc wizard looks drowsy...
Casting: Ensorcelled Hibernation (safe; 6% risk of failure)
Confirm with . or Enter, or press ? or * to list all spells.
You don't know that spell.
The helpless orc wizard fails to defend itself.
You skewer the orc wizard like a kebab!!!
You kill the orc wizard!
Casting: Ensorcelled Hibernation (safe; 6% risk of failure)
Confirm with . or Enter, or press ? or * to list all spells.
Aiming: Ensorcelled Hibernation (safe; 6% risk of failure)
Press: ? - help, Shift-Dir - straight line, f - orc priest
Aim: an orc priest, wielding a +0 mace and wearing a +0 leather armour (chance to affect: 49%)
The orc priest resists with some effort.
The orc priest calls down the wrath of Beogh upon you.
Beogh smites you!
You die...

#..######.#'####.#
#......##.#.# #.#
###.####....#.#
#.# #...# ####.#.#
#.## #...# #.#.#
##... #...# #'#..
..... #.(.# ....#
##...
#...######....#
#..g
###.@oo.......
..... #######.###.
##.## #


You could see an orc priest and an orc.

Vanquished Creatures
  Sigmund (D:4)
  A water moccasin (D:6)
  A black bear (D:6)
  An ogre (D:4)
  Blork the orc (D:5)
  3 bullfrogs
  A gnoll sergeant (D:6)
  2 scorpions
  2 orc priests (D:6)
  6 hounds
  An iguana (D:5)
  A gnoll bouda (D:6)
  Ijyb (D:4)
  An orc wizard (D:6)
  Natasha (thrice) (D:4)
  11 gnolls
  8 adders
  A shadow imp (D:5)
  3 worms
  A dart slug (D:4)
  12 orcs
  10 endoplasms
  2 giant cockroaches (D:1)
  7 goblins
  4 hobgoblins
  9 jackals
  6 kobolds
  5 quokkas
  4 ball pythons
  4 bats
  3 frilled lizards
  6 rats
122 creatures vanquished.

Vanquished Creatures (collateral kills)
  An orc (D:5)
1 creature vanquished.

Vanquished Creatures (others)
  2 fungi (D:1)
  2 plants (D:1)
4 creatures vanquished.

Grand Total: 127 creatures vanquished

Notes
Turn   | Place    | Note
-------+----------+-------------------------------------------
     0 | D:1      | KristoblXynda the Spriggan Enchanter began the quest for
                  | the Orb.
     0 | D:1      | Reached XP level 1. HP: 9/9 MP: 5/5
    80 | D:1      | Reached XP level 2. HP: 12/13 MP: 6/6
   717 | D:1      | Reached XP level 3. HP: 13/16 MP: 8/8
   961 | D:1      | Reached skill level 5 in Stealth
  1096 | D:1      | Learned a level 2 spell: Ensorcelled Hibernation
  1100 | D:1      | Learned a level 3 spell: Tukima's Dance
  1116 | D:1      | Found a faded altar of an unknown god.
  2199 | D:3      | Reached XP level 4. HP: 21/21 MP: 9/9
  2622 | D:3      | Identified the +4 ring mail of Floral Liberty {rCorr Str+5
                  | Slay-2}
  2662 | D:3      | Identified the +3 flail of Misery {freeze, +Blink}
  2972 | D:4      | Found an ornate altar of the Wu Jian Council.
  2972 | D:4      | Noticed Sigmund
  2978 | D:4      | Noticed Ijyb
  2982 | D:4      | Noticed Natasha
  3191 | D:4      | Reached XP level 5. HP: 24/24 MP: 3/10
  3272 | D:4      | Killed Natasha
  3372 | D:4      | Found an opulent altar of Gozag.
  3390 | D:4      | Reached skill level 6 in Stealth
  3464 | D:4      | Reached skill level 5 in Hexes
  3464 | D:4      | Reached XP level 6. HP: 12/28 MP: 3/11
  3627 | D:4      | Reached skill level 5 in Dodging
  3629 | D:4      | Reached skill level 7 in Stealth
  3774 | D:4      | Noticed Natasha
  3788 | D:4      | Killed Natasha
  3848 | D:4      | Killed Ijyb
  3849 | D:4      | Reached XP level 7. HP: 32/32 MP: 9/12
  3949 | D:4      | Noticed Natasha
  3955 | D:4      | Killed Natasha
  4437 | D:4      | Killed Sigmund
  4572 | D:5      | Entered Level 5 of the Dungeon
  4839 | D:5      | Noticed Blork the orc
  4843 | D:5      | Killed Blork the orc
  4844 | D:5      | Reached skill level 8 in Stealth
  5017 | D:5      | Found a sacrificial altar of Ru.
  5141 | D:5      | Found a burning altar of Makhleb.
  5141 | D:5      | Noticed a blizzard demon
  5144 | D:5      | Noticed a smoke demon
  5144 | D:5      | Noticed a hellwing
  5433 | D:6      | Reached XP level 8. HP: 30/36 MP: 3/13
  5436 | D:6      | Reached skill level 5 in Short Blades
  5656 | D:6      | Reached skill level 1 in Fighting
  5929 | D:6      | Reached skill level 9 in Stealth
  5963 | D:6      | Killed from afar by an orc priest

Illustrated notes

Levels and vault maps discovered:
D:1:      minmay_arrival_jagged, layout_basic, shapermc_ecumenical_altar_petra
D:2:      layout_basic, glass_columns_b, minmay_misc_feat_x,
          amcnicky_mini_corridor_feature
D:3:      layout_loops_cross, kennysheep_cluttered_room
D:4:      layout_layer_cave, grunt_gozag_statues, nicolae_wu_jian_wuxing_cycle,
          serial_bayou_pond_d, uniq_natasha, uniq_ijyb, uniq_sigmund
D:5:      layout_rooms, makhleb_altar_promises_db, nicolae_ru_awakened_eye,
          fountainhead, uniq_blork_the_orc
D:6:      layout_basic, gammafunk_temple_overflow_claw

Skill      XL: |  1  2  3  4  5  6  7  8 |
---------------+-------------------------+-----
Dodging        | 3 4 5 6 7 |  7.5
Spellcasting   | 3 |  3.1
Hexes          | 4 5 6 7 |  7.3
Stealth        | 5 6 7 8 9 |  9.5
Short Blades   | 2 3 4 5 |  5.0
Fighting       | 2 |  2.0

Action                     |  1- 3 |  4- 6 |  7- 9 || total
---------------------------+-------+-------+-------++-------
  Melee: Dagger            |   135 |   121 |   179 ||   435
         Punch             |     1 |     1 |     2 ||     4
   Cast: Ensorcelled Hiber |    10 |    19 |    20 ||    49
         Tukima's Dance    |       |       |     3 ||     3
    Use: Scroll            |       |     7 |     3 ||    10
   Stab: Sleeping          |    20 |    19 |    16 ||    55
 Armour: Robe              |     4 |     7 |    14 ||    25
  Dodge: Dodged            |    62 |    82 |   100 ||   244
  Block: Other             |       |    19 |    30 ||    49
         Reflection        |       |     1 |       ||     1

Table legend: (Time is in decaauts)
 A = Elapsed time spent in this place.
 B = Non-inter-level travel time spent in this place.
 C = Inter-level travel time spent in this place.
 D = Time resting spent in this place.
 E = Time spent auto-exploring this place.
 F = Levels seen in this place.
 G = Mean time per level.
                   A        B        C        D        E       F      G
               +--------+--------+--------+--------+--------+-----+--------+
         Total |   4462 |   4340 |    122 |   1444 |   2050 |   6 |  743.7 |
       Dungeon |   4462 |   4340 |    122 |   1444 |   2050 |   6 |  743.7 |
               +--------+--------+--------+--------+--------+-----+--------+

Top non-repeatable levels by time:
     D:4: 1226 daAuts
     D:1: 805 daAuts
     D:2: 772 daAuts
     D:5: 649 daAuts
     D:3: 531 daAuts
     D:6: 477 daAuts
